 Dungeon Crawl Stone Soup version 0.29.0-5-ge4962eb29e (webtiles) character file.

Game seed: 13697932348651995066

357 Zeldest the Chopper (level 6, -5/44 HPs)
             Began as a Mummy Chaos Knight on Aug 29, 2022.
             Was a Follower of Ru.
             Slain by a gnoll
             ... wielding a +0 flail
              (10 damage)
             ... on level 4 of the Dungeon.
             The game lasted 00:05:27 (3858 turns).

Zeldest the Chopper (Mummy Chaos Knight)            Turns: 3858, Time: 00:05:27

Health: -5/44      AC:  6    Str: 23    XL:     6   Next: 37%
Magic:  6/6        EV: 11    Int: 11    God:    Ru [*.....]
Gold:   251        SH:  0    Dex: 12    Spells: 5/5 levels left

rFire   x . .      SeeInvis .   p - +0 hand axe (vorpal)
rCold   + . .      Faith    +   (no shield)
rNeg    + + +      Spirit   .   b - +2 leather armour
rPois   ∞          Reflect  .   (no helmet)
rElec   .          Harm     .   (no cloak)
rCorr   .          Rampage  .   e - +0 pair of gloves
Will    +....                   (no boots)
Stlth   +.........              h - amulet of faith
HPRegen 0.14/turn               f - +6 ring of strength
MPRegen 0.10/turn               m - ring of willpower

@: about to teleport
A: cold resistance 1, frail 1, negative energy resistance 3, torment resistance
2, heat vulnerability 1, in touch with death 1, no potions
a: Renounce Religion


You were on level 4 of the Dungeon.
You worshipped Ru.
Ru was aware of your devotion.
You visited 1 branch of the dungeon, and saw 4 of its levels.

You collected 251 gold pieces.

Inventory:

Hand Weapons
 l - a +2 dagger of venom
 p - a +0 vorpal hand axe (weapon)
Missiles
 t - a throwing net
Armour
 b - a +2 leather armour (worn)
 e - a +0 pair of gloves (worn)
Jewellery
 f - a +6 ring of strength (left hand)
 h - an amulet of faith (around neck)
 j - a +6 ring of strength
 m - a ring of willpower (right hand)
Scrolls
 a - a scroll of enchant armour {unknown}
 d - 2 scrolls of identify
 g - a scroll of vulnerability
 i - a scroll of torment
 n - a scroll of fear {unknown}
 o - 2 scrolls of amnesia {unknown}
 q - a scroll of butterflies {unknown}
 r - a scroll of magic mapping {unknown}
 s - a scroll of enchant weapon {unknown}
Miscellaneous
 c - a piece from Xom's chessboard (15/15) (quivered)


   Skills:
 + Level 4.4 Fighting
 * Level 4.5 Axes
 + Level 3.1 Armour
 - Level 0.7 Dodging


You had 5 spell levels left.
You didn't know any spells.
Your spell library contained the following spells:

 Spells                   Type           Power      Damage    Failure   Level
 Static Discharge         Conj/Air       0%         3-3/arc   52%         2
 Animate Dead             Necr           0%         N/A       99%         4
 Borgnjor's Vile Clutch   Necr/Erth      0%         N/A       100%        5
 Lightning Bolt           Conj/Air       0%         1d11      100%        5
 Death Channel            Necr           0%         N/A       100%        6
 Maxwell's Capacitive Co  Air            0%         ∞         100%        8


Dungeon Overview and Level Annotations

Branches:
Dungeon (4/15)
 Temple: D:4-7

Altars:
Ashenzari
Ru

Shops:
D:4 !

Annotations:
D:3 1 runed translucent door, jujuben's ghost, amateur DrAM


Innate Abilities, Weirdness & Mutations

You are immune to poison.
Your flesh is cold resistant. (rC+)
You are frail. (-10% HP)
You are immune to negative energy. (rN+++)
You are immune to unholy pain and torment.
You are vulnerable to heat. (rF-)
You are in touch with the powers of death.
You do not drink.


Message History

The iguana bites you but does no damage.
You hit the iguana but do no damage.
The iguana is lightly wounded.
The iguana barely misses you. The iguana bites you.
You hit the iguana.
The iguana is moderately wounded.
The iguana misses you.
You hit the iguana.
The iguana is heavily wounded.
The iguana is stunned by your conviction and fails to attack.
You closely miss the iguana.
The iguana is heavily wounded.
You closely miss the gnoll. The gnoll closely misses you. The iguana bites you!
You closely miss the iguana.
The iguana is heavily wounded.
You hit the gnoll. The gnoll misses you. The iguana closely misses you.
You closely miss the iguana.
The iguana is heavily wounded.
You completely miss the gnoll. The gnoll barely misses you.
The gnoll closely misses you. The iguana bites you!
You hit the iguana.
The iguana is severely wounded.
You barely miss the gnoll. The gnoll closely misses you. The iguana bites you!
* * * LOW HITPOINT WARNING * * *
The gnoll closely misses you.
As you read the scroll of teleportation, it crumbles to dust.
You feel strangely unstable. The gnoll hits you with a +0 flail.
* * * LOW HITPOINT WARNING * * *
The iguana bites you but does no damage.
The gnoll hits you from afar with a +0 spear.
* * * LOW HITPOINT WARNING * * *
Okay, then.
Okay, then.
You barely miss the iguana.
The iguana is severely wounded.
You hit the gnoll.
The gnoll hits you from afar with a +0 spear.
* * * LOW HITPOINT WARNING * * *
The gnoll hits you with a +0 flail!
You die...

### ###
#.#######.######
#...............
..........########
#.........g....g.#
#########.######g#
#.........# #@#
#)######..# #l#
#.#.......# #.#
#.#..#....# #.#
#.###.....# #.#
..........# #.#
.####.....# #.#
..........# #.#
#######.###


You could see an iguana and 2 gnolls.

Vanquished Creatures
  A necrophage (D:3)
  A scorpion (D:4)
  A hound (D:4)
  Natasha (twice) (D:2)
  Robin (D:2)
  A gnoll (D:3)
  3 adders
  An ufetubus (D:4)
  A worm (D:3)
  3 dart slugs
  4 orcs
  9 ball pythons
  4 endoplasms
  5 giant cockroaches
  11 hobgoblins
  3 jackals (D:1)
  2 quokkas (D:1)
  2 bats (D:1)
  4 frilled lizards
  15 goblins
  9 kobolds
  6 rats
89 creatures vanquished.

Vanquished Creatures (others)
  2 goblin zombies (D:2)
  A plant (D:1)
3 creatures vanquished.

Grand Total: 92 creatures vanquished

Notes
Turn   | Place    | Note
-------+----------+-------------------------------------------
     0 | D:1      | Zeldest the Mummy Chaos Knight began the quest for the Orb.
     0 | D:1      | Reached XP level 1. HP: 18/18 MP: 1/1
   171 | D:1      | XOM: potion effect (curing)
   173 | D:1      | Reached XP level 2. HP: 24/24 MP: 2/2
   217 | D:1      | Found a faded altar of an unknown god.
   217 | D:1      | XOM: enchant monster (good)
   548 | D:1      | XOM: scenery: summon butterflies
   556 | D:1      | Gained mutation: You are in touch with the powers of death.
                  | [Mummy growth]
   556 | D:1      | Reached XP level 3. HP: 29/29 MP: 3/3
   619 | D:1      | Prayed at the altar of an unknown god.
   619 | D:1      | Fell from the grace of Xom
   619 | D:1      | Became a worshipper of Ru the Awakened
   638 | D:1      | Gained mutation: You are frail. (-10% HP) [Ru sacrifice]
   638 | D:1      | Reached * piety under Ru
   844 | D:2      | Noticed Robin
   850 | D:2      | Killed Robin
   944 | D:1      | XOM: summons 8 hostile demons
  1043 | D:2      | Reached XP level 4. HP: 31/31 MP: 4/4
  1178 | D:2      | Noticed Natasha
  1188 | D:2      | Killed Natasha
  1215 | D:2      | XOM: summons 6 hostile demons
  1614 | D:2      | Noticed Natasha
  1619 | D:2      | Killed Natasha
  1822 | D:2      | Reached XP level 5. HP: 34/37 MP: 5/5
  1973 | D:3      | XOM: noise
  2206 | D:3      | HP: 1/37 [worm (9)]
  2457 | D:3      | XOM: 9-stop teleportation journey
  3090 | D:3      | Found a runed translucent door.
  3093 | D:3      | Noticed jujuben's ghost (amateur DrAM)
  3135 | D:3      | Found a broken altar of Ashenzari.
  3588 | D:4      | Reached XP level 6. HP: 31/43 MP: 6/6
  3619 | D:4      | Found Inteteby's Distillery.
  3858 | D:4      | Slain by a gnoll

Illustrated notes

Levels and vault maps discovered:
D:1:      onia_arrival_pyramid, layout_loops_cross, basic_ecumenical_altar,
          minmay_shallow_snake_nest
D:2:      layout_basic, basic_altar, minmay_tiny_reverse_x, uniq_robin,
          uniq_natasha
D:3:      layout_basic, cheibrodos_ashenzari_chains, ebering_ghost_sewer_d
D:4:      layout_basic, minmay_temple_entry_statues, serial_shops, shop,
          nicolae_ossuary_entry_monument

Skill      XL: |  1  2  3  4  5  6 |
---------------+-------------------+-----
Axes           | 3 4 |  4.5
Armour         | 2 3 |  3.1
Fighting       | 4 |  4.4
Dodging        | |  0.7

Action                   |  1- 3 |  4- 6 || total
-------------------------+-------+-------++-------
Melee: Hand axe          |    94 |   141 ||   235
       Punch             |     1 |     2 ||     3
       Dagger            |       |    32 ||    32
Invok: Sacrifice Health  |     1 |       ||     1
  Use: Scroll            |       |     5 ||     5
 Stab: Confused          |     1 |       ||     1
       Petrified         |       |     6 ||     6
       Petrifying        |       |     1 ||     1
Armor: Leather armour    |    50 |    75 ||   125
Dodge: Dodged            |    42 |   119 ||   161
